 Dungeon Crawl Stone Soup version 0.17-a0-1093-g0b3cd89 (webtiles) character file.

119210 halfnothing the Severer (level 16, -3/134 HPs)
             Began as a Minotaur Fighter on May 20, 2015.
             Was the Champion of Okawaru.
             Killed from afar by Roxanne (58 damage)
             ... with a crystal spear
             ... on level 1 of the Elven Halls.
             The game lasted 03:12:27 (31083 turns).

halfnothing the Severer (Minotaur Fighter)         Turns: 31083, Time: 03:12:27

Health: -3/134     AC: 33    Str: 26 (27) XL:     16   Next: 27%
Magic:  22/22      EV:  9    Int: 12      God:    Okawaru [******]
Gold:   1927       SH: 17    Dex: 13 (14) Spells: 0 memorised, 15 levels left

rFire  . . .     SeeInvis +     a - +3 war axe (venom)
rCold  + + .     Clarity  .     E - +2 plate armour {rPois}
rNeg   . . .     SustAb   .     Q - +3 shield "Ufuesaopn" {+Inv rCorr Int-5 Dex-2}
rPois  +         Gourm    .     B - +2 hat
rElec  .         Spirit   .     M - +0 cloak {MR+}
rCorr  +         Warding  .     i - +2 pair of gloves of the Fifty Places {Int+4 Dex+5}
rMut   .         Stasis   .     n - +0 pair of boots
MR     ++...                    C - amulet of faith
Stlth  ..........               V - ring "Jihiapn" {rC++ Int+3 Dex-2 Slay+2 SInv}
                                u - ring of Nalai {AC+6 Int+5}

@: very resistant to hostile enchantments, extremely unstealthy
A: retaliatory headbutt, claws 2, horns 2, agile 1, blink 2, blurry vision 3,
deterioration 2, slow healing 2
a: Blink, Heroism, Finesse, Renounce Religion, Evoke Invisibility


You were on level 1 of the Elven Halls.
You worshipped Okawaru.
Okawaru was exalted by your worship.
You were hungry.

You visited 5 branches of the dungeon, and saw 29 of its levels.
You also visited: Labyrinth.

You collected 3040 gold pieces.
You spent 1113 gold pieces at shops.

Inventory:

Hand weapons
 a - a +3 war axe of venom (weapon)
 b - the +4 broad axe "Nepug" {antimagic, *Rage rElec Int+7}
   (Okawaru gifted it to you on level 15 of the Dungeon)

   It disrupts the flow of magical energy around spellcasters and certain
   magical creatures (including the wielder).
   It affects your intelligence (+7).
   It insulates you from electricity.
   It may make you go berserk in combat.
 o - a +2 scimitar of flaming
Armour
 i - the +2 pair of gloves of the Fifty Places (worn) {Int+4 Dex+5}
   (You found it on level 8 of the Dungeon)

   It affects your intelligence (+4).
   It affects your dexterity (+5).
 n - a +0 pair of boots (worn)
 B - a +2 hat (worn)
 E - a +2 plate armour of poison resistance (worn)
 M - a +0 cloak of magic resistance (worn)
 Q - the +3 shield "Ufuesaopn" (worn) {+Inv rCorr Int-5 Dex-2}
   (Okawaru gifted it to you on level 1 of the Lair of Beasts)

   It affects your intelligence (-5).
   It affects your dexterity (-2).
   It lets you turn invisible.
   It protects you from acid and corrosion.
Jewellery
 u - the ring of Nalai (left hand) {AC+6 Int+5}
   (You took it off a minotaur in a labyrinth)

   [ring of protection]

   It affects your AC (+6).
   It affects your intelligence (+5).
 v - an uncursed ring of teleportation
 C - an amulet of faith (around neck)
 V - the ring "Jihiapn" (right hand) {rC++ Int+3 Dex-2 Slay+2 SInv}
   (You found it on level 7 of the Lair of Beasts)

   [ring of see invisible]

   It affects your intelligence (+3).
   It affects your dexterity (-2).
   It affects your accuracy and damage with ranged weapons and melee attacks
   (+2).
   It greatly protects you from cold.
   It lets you see invisible.
 W - an uncursed ring of flight
Magical devices
 c - a wand of disintegration (21)
 h - a wand of cold (4)
 m - a wand of confusion (20)
 y - a wand of draining (3)
 D - a wand of heal wounds (2)
 N - a wand of disintegration (3)
 O - a wand of digging (18)
Scrolls
 f - 10 scrolls of recharging
 j - a scroll of magic mapping
 k - a scroll of amnesia
 r - 15 scrolls of identify
 s - 6 scrolls of fear
 t - 4 scrolls of blinking
 w - 7 scrolls of remove curse
 z - a scroll of fog
 J - 3 scrolls of teleportation
 S - 2 scrolls of holy word
Potions
 g - 3 potions of curing
 p - a potion of brilliance
 I - a potion of might
 L - 3 potions of haste
 P - a potion of cancellation
 T - 2 potions of agility
Comestibles
 d - 5 beef jerkies
 e - 17 bread rations
 l - 4 slices of pizza
 q - 6 meat rations
 G - 23 fruits
 K - 15 royal jellies


   Skills:
 + Level 10.0 Fighting
 - Level 20.0 Axes
 * Level 13.6 Armour
 + Level 3.1 Dodging
 - Level 15.0 Shields
 - Level 10.0 Invocations
 - Level 10.0 Evocations


You had 15 spell levels left.
You didn't know any spells.

Dungeon Overview and Level Annotations

Branches:
Dungeon (15/15)            Temple (1/1) D:5            Lair (8/8) D:10
  Swamp (0/4) Lair:5       Spider (0/4) Lair:5        Slime (0/6) Lair:8
    Orc (4/4) D:11            Elf (1/3) Orc:3        Vaults (0/5) D:14
 Depths (0/5) D:15

Altars:
Ashenzari
Cheibriados
Dithmenos
Elyvilon
Fedhas
Gozag
Kikubaaqudgha
Makhleb
Nemelex Xobeh
Okawaru
Qazlal
Ru
Sif Muna
Trog
Vehumet
Xom
Yredelemnul
Zin
The Shining One
Beogh
Jiyva

Shops:
D:7 :%   D:10 [   D:14 (   D:15 =   Orc:4 *:*?   Elf:1 %

Portals:
Hell: Lair:8

Annotations:
Elf:1 exclusion: Roxanne, Roxanne


Innate Abilities, Weirdness & Mutations

You reflexively headbutt those who attack you in melee.
You have a pair of horns on your head.
You have very sharp fingernails.
You are agile. (Dex +2)
You are good at translocating small distances at will.
Scrolls take you much longer to read.
Your body often deteriorates upon taking damage.
You do not heal naturally when monsters are visible.


Message History

You hit Roxanne. You headbutt Roxanne, but do no damage.
Roxanne is severely damaged.
You slash Roxanne!
Roxanne is almost destroyed.
You slash Roxanne! You headbutt Roxanne, but do no damage.
Roxanne is almost destroyed.
You slash Roxanne!
Roxanne is almost destroyed.
You hit Roxanne but do no damage.
Roxanne is almost destroyed.
Roxanne mumbles some strange words.
The orb of energy hits you!
Your body deteriorates!
You feel clumsy.
The orb of energy explodes!
You hit Roxanne but do no damage. You headbutt Roxanne.
Roxanne is almost destroyed.
Roxanne wails, "NOOOO!"
Roxanne mumbles some strange words.
The crystal spear hits you!
You die...

..#..........#..#...
#...#.#.#.#....#..#...
#...#...P......#..#...
#.. #.#.#.#.#..#..#...
#...+....[..#..#......
#...#.#.#.#....#...###
#...#..........#...#..
#...#..#..#.#..#...#.#
+....@.#..#.#..#...#..
#....8.#..#.#..#...###
#......#..#.#..#..#...
#...#..#..###..#..#...
#...#..+... ..#. #...
#...#..#... # #... #..
#..#.... +... #..
#..#..## #.## #...


You could see Roxanne.

Vanquished Creatures
  Azrael (Elf:1)
  2 dire elephants (Lair:8)
  Snorg (Lair:4)
  Josephine (Orc:2)
  A minotaur (Lab)
  An entropy weaver (Lair:2)
  6 centaur warriors
  3 death yaks (Lair:8)
  A catoblepas (D:14)
  5 hydras
  The ghost of XXXTooMuchSwagXXX the Bludgeoner, an experienced OgBe of Trog (D:9)
  5 orc high priests (Orc:4)
  7 tengu warriors
  A queen ant (Lair:8)
  Urug (Orc:1)
  6 deep elf knights (Elf:1)
  A sun demon (Lair:8)
  8 skeletal warriors (D:15)
  A giant orange brain (D:15)
  7 hill giants
  A lindwurm (Lair:5)
  An ice statue (Lair:2)
  2 wizards
  A wolf spider zombie (D:15)
  3 unseen horrors
  A deep elf conjurer (Elf:1)
  4 harpies (D:14)
  A necromancer (D:14)
  22 ugly things
  A sixfirhy (Lair:8)
  A salamander (shapeshifter) (D:15)
  2 orc sorcerers
  2 manticores
  3 griffons
  A wolf spider (shapeshifter) (D:15)
  6 cyclopes
  A faun (Lair:3)
  4 black mambas
  15 elephants
  2 gargoyles
  Joseph (D:7)
  A centaur zombie (D:12)
  14 spiny frogs
  3 fire drakes
  6 orange demons (Lair:8)
  A kobold demonologist (D:13)
  9 komodo dragons
  A hellwing (Lair:8)
  A freezing wraith (Lair:2)
  8 trolls
  A wandering mushroom (Lair:7)
  A blue devil (Lair:8)
  A queen bee (Lair:6)
  4 two-headed ogres
  9 ravens
  2 giant leeches (Lair:5)
  5 polar bears
  Grinder (D:3)
  Prince Ribbit (D:9)
  2 red devils (Lair:8)
  13 blink frogs
  A hornet zombie (D:14)
  2 boulder beetles
  5 slime creatures
  2 shadows
  3 deep elf magi
  A yak (shapeshifter) (D:14)
  A spriggan (shapeshifter) (Elf:1)
  26 yaks
  10 hippogriffs
  A hippogriff (shapeshifter) (D:15)
  2 fire elementals (Elf:1)
  4 deep elf fighters
  A basilisk (shapeshifter) (D:15)
  5 hungry ghosts
  5 wraiths
  4 vampire mosquitoes (D:13)
  4 basilisks
  8 wolves
  A steam dragon (D:11)
  2 wargs
  A soldier ant (shapeshifter) (D:15)
  A swamp worm (Lair:5)
  A wyvern (D:15)
  5 hell hounds
  A mottled dragon (D:14)
  A phantom (D:8)
  A hornet simulacrum (D:14)
  6 porcupines
  14 soldier ants
  8 spiders (Lair:5)
  2 wasps
  3 black bears
  30 water moccasins
  8 ice beasts
  4 sky beasts
  19 orc warriors
  A necrophage (D:15)
  7 ogres
  16 crocodiles
  6 centaurs
  A big kobold (D:8)
  20 giant frogs
  19 killer bees (Lair:6)
  5 scorpions
  2 electric eels
  2 spriggan skeletons (D:13)
  2 jellies
  7 crimson imps
  3 quasits
  A giant frog zombie (D:7)
  A wasp zombie (D:14)
  2 giant frog skeletons
  4 hounds
  9 iguanas
  30 orc priests
  5 centaur skeletons
  39 worker ants
  Natasha (thrice) (D:2)
  41 orc wizards
  2 hell rats (D:11)
  27 sheep
  119 river rats
  29 adders
  9 shadow imps
  2 white imps (Lair:2)
  2 adder skeletons
  2 worms
  10 giant geckos
  150 orcs
  2 ball pythons
  A bat skeleton (D:6)
  4 giant cockroaches
  18 goblins
  24 hobgoblins
  10 jackals
  22 kobolds
  4 quokkas
  19 bats
  A giant gecko skeleton (D:4)
  6 giant newts
  41 rats
  A bush (Lair:3)
  A butterfly (Lair:1)
  7 fungi
  8 plants
1159 creatures vanquished.

Vanquished Creatures (others)
  A blink frog (Lair:2)
  A raven (D:15)
  2 fire elementals (Elf:1)
  An orc (D:14)
  4 fungi (Lair:8)
  4 plants
13 creatures vanquished.

Grand Total: 1172 creatures vanquished

Notes
Turn   | Place    | Note
--------------------------------------------------------------
     0 | D:1      | halfnothing the Minotaur Fighter began the quest for the Orb.
     0 | D:1      | Reached XP level 1. HP: 19/19 MP: 0/0
   202 | D:1      | Reached XP level 2. HP: 26/26 MP: 1/1
   273 | D:1      | Reached skill level 4 in Shields
   433 | D:1      | Reached XP level 3. HP: 26/31 MP: 2/2
  1138 | D:2      | Noticed Natasha
  1142 | D:2      | Killed Natasha
  1142 | D:2      | Reached XP level 4. HP: 39/39 MP: 3/3
  1259 | D:2      | Noticed Natasha
  1277 | D:2      | Killed Natasha
  1477 | D:2      | Noticed Natasha
  1486 | D:2      | Killed Natasha
  1896 | D:3      | Noticed Grinder
  1905 | D:3      | Paralysed by Grinder for 5 turns
  1912 | D:3      | Killed Grinder
  1912 | D:3      | Reached skill level 5 in Axes
  1912 | D:3      | Reached skill level 5 in Armour
  1912 | D:3      | Reached skill level 5 in Shields
  1912 | D:3      | Reached XP level 5. HP: 45/45 MP: 4/4
  1912 | D:3      | Reached XP level 6. HP: 51/51 MP: 5/5
  2126 | D:3      | HP: 1/51 [something/puff of frost (8)]
  2131 | D:3      | Reached skill level 6 in Axes
  2788 | D:4      | Reached XP level 7. HP: 11/57 MP: 6/6
  3050 | D:4      | Found a white marble altar of Elyvilon.
  3169 | D:4      | Found a radiant altar of Vehumet.
  3463 | D:5      | Entered Level 5 of the Dungeon
  3467 | D:5      | Found a staircase to the Ecumenical Temple.
  3471 | D:5      | Reached skill level 7 in Axes
  3481 | Temple   | Entered the Ecumenical Temple
  3496 | Temple   | Became a worshipper of Warmaster Okawaru
  4158 | D:6      | Acquired Okawaru's first power
  4158 | D:6      | Reached XP level 8. HP: 58/64 MP: 7/7
  4178 | D:6      | Reached skill level 8 in Axes
  4390 | D:6      | Found a sparkling altar of Nemelex Xobeh.
  4606 | D:6      | Noticed a troll
  4617 | D:6      | Killed a troll
  4617 | D:6      | Reached skill level 9 in Axes
  4823 | D:6      | Got a brightly glowing trident
  4824 | D:6      | Identified the +4 trident "Hinaiq" {pierce, *Rage Str+7} (You found it on level 6 of the Dungeon)
  5056 | D:7      | Found a shadowy altar of Dithmenos.
  5159 | D:7      | Found Unem's Book Shop.
  5247 | D:7      | Noticed Joseph
  5263 | D:7      | Killed Joseph
  5263 | D:7      | Reached skill level 10 in Axes
  5263 | D:7      | Reached XP level 9. HP: 25/70 MP: 5/8
  5589 | D:7      | Found Losedgh's Food Boutique.
  5884 | D:7      | Found a sacrificial altar of Ru.
  6581 | D:8      | Got a pair of shimmering gloves
  6592 | D:8      | Identified the +2 pair of gloves of the Fifty Places {Int+4 Dex+5} (You found it on level 8 of the Dungeon)
  6679 | D:8      | Reached skill level 1 in Invocations
  7144 | D:8      | Found a glowing golden altar of the Shining One.
  7604 | D:9      | Reached XP level 10. HP: 66/77 MP: 10/12
  8045 | D:9      | Noticed XXXTooMuchSwagXXX's ghost (experienced OgBe)
  8076 | D:9      | Killed XXXTooMuchSwagXXX's ghost
  8076 | D:9      | Reached skill level 5 in Invocations
  8130 | D:9      | Reached skill level 10 in Armour
  8164 | D:9      | Found a deep blue altar of Sif Muna.
  8164 | D:9      | Found an ancient bone altar of Kikubaaqudgha.
  8172 | D:9      | Reached skill level 10 in Shields
  8224 | D:9      | Noticed Prince Ribbit
  8236 | D:9      | Killed Prince Ribbit
  8236 | D:9      | Acquired Okawaru's second power
  8571 | D:10     | Entered Level 10 of the Dungeon
  8571 | D:10     | Found a staircase to the Lair.
  8601 | D:10     | Noticed a hill giant
  8845 | D:10     | Noticed a hill giant
  8860 | D:10     | Killed a hill giant
  9169 | D:10     | Found Yjinamacs's Antique Armour Shop.
  9176 | D:10     | Bought a runed cloak for 112 gold pieces
  9421 | D:10     | Killed a hill giant
  9552 | D:10     | Reached XP level 11. HP: 52/82 MP: 15/15
  9684 | D:10     | Reached skill level 11 in Armour
  9706 | Lair:1   | Entered Level 1 of the Lair of Beasts
 10438 | Lair:1   | Received a gift from Okawaru
 10439 | Lair:1   | Got a pitted shield {god gift}
 10450 | Lair:1   | Identified the +3 shield "Ufuesaopn" {+Inv rCorr Int-5 Dex-2} (Okawaru gifted it to you on level 1 of the Lair of Beasts)
 10887 | Lair:1   | Gained mutation: Your body sometimes deteriorates upon taking damage. [potion of mutation]
 10887 | Lair:1   | Gained mutation: You have sharp fingernails. [potion of mutation]
 10887 | Lair:1   | Gained mutation: You are clumsy. (Dex -2) [potion of mutation]
 10926 | D:11     | Found a staircase to the Orcish Mines.
 11172 | D:11     | Noticed a hill giant
 11176 | D:11     | Noticed a hill giant
 11178 | D:11     | Noticed a hill giant
 11183 | D:11     | Killed a hill giant
 11188 | D:11     | Killed a hill giant
 11192 | D:11     | Killed a hill giant
 11834 | D:11     | Noticed a hill giant
 11843 | D:11     | Killed a hill giant
 11843 | D:11     | Reached skill level 12 in Armour
 11843 | D:11     | Reached skill level 10 in Invocations
 12173 | Orc:1    | Entered Level 1 of the Orcish Mines
 12364 | Orc:1    | Found a roughly hewn altar of Beogh.
 12463 | Orc:1    | Found a roughly hewn altar of Beogh.
 12835 | Orc:2    | Noticed Urug
 12839 | Orc:2    | Noticed Josephine
 12863 | Orc:1    | Killed Urug
 12863 | Orc:1    | Reached XP level 12. HP: 71/92 MP: 15/18
 12881 | Orc:2    | Killed Josephine
 12887 | Orc:2    | Received a gift from Okawaru
 12964 | Orc:2    | Reached skill level 5 in Fighting
 13791 | Orc:3    | Reached skill level 13 in Shields
 14161 | Orc:3    | Found a staircase to the Elven Halls.
 14408 | Orc:4    | Entered Level 4 of the Orcish Mines
 14860 | Orc:4    | Found a roughly hewn altar of Beogh.
 15182 | Orc:4    | Reached skill level 14 in Shields
 15522 | Orc:4    | Found Deim's Magic Scroll Emporium.
 15522 | Orc:4    | Found Zaunisen's Assorted Antiques.
 15522 | Orc:4    | Found Zuir's Assorted Antiques.
 15525 | Orc:4    | Found Lyt Ywen's Book Shoppe.
 15584 | Orc:4    | Bought a scroll of magic mapping for 56 gold pieces
 15584 | Orc:4    | Bought a scroll of identify for 32 gold pieces
 15584 | Orc:4    | Bought a scroll of identify for 32 gold pieces
 15585 | Orc:4    | Bought a fizzy purple potion for 27 gold pieces
 15585 | Orc:4    | Bought a scroll labeled PYDOVE ZOLUONE for 30 gold pieces
 15588 | Orc:4    | Bought a scroll labeled UVVUPTO UMIPT for 33 gold pieces
 15750 | Orc:4    | Bought a bronze wand for 120 gold pieces
 15751 | Orc:4    | Bought a shiny lead wand for 132 gold pieces
 15751 | Orc:4    | Bought a scroll of teleportation for 99 gold pieces
 16296 | Lair:2   | Noticed a seven-headed hydra
 16306 | Lair:2   | Killed a nine-headed hydra
 16306 | Lair:2   | Received a gift from Okawaru
 16537 | Lair:2   | Noticed an eight-headed hydra
 16542 | Lair:2   | Noticed an entropy weaver
 16542 | Lair:2   | an eight-headed hydra changed into an entropy weaver
 16550 | Lair:2   | Killed an entropy weaver
 16550 | Lair:2   | Reached skill level 15 in Shields
 16654 | Lair:2   | Reached skill level 1 in Evocations
 16693 | Lair:2   | Reached XP level 13. HP: 37/105 MP: 12/19
 17414 | Lair:2   | Identified a scroll of acquirement
 18350 | Lair:3   | Reached skill level 5 in Evocations
 18754 | Lair:4   | Found a labyrinth entrance.
 18764 | Lab      | Entered a labyrinth
 19403 | Lab      | Got a scintillating amber ring
 19413 | Lab      | Identified the ring of Nalai {AC+6 Int+5} (You took it off a minotaur in a labyrinth)
 19987 | Lair:4   | Received a gift from Okawaru
 20553 | Lair:4   | Noticed Snorg
 20564 | Lair:4   | Killed Snorg
 20998 | Lair:5   | Found a staircase to the Swamp.
 21093 | Lair:5   | Found a hole to the Spider Nest.
 21361 | Lair:5   | Reached skill level 10 in Evocations
 22102 | Lair:6   | Reached XP level 14. HP: 97/113 MP: 20/20
 23241 | Lair:7   | Got a crude glass ring
 23243 | Lair:7   | Identified the ring "Jihiapn" {rC++ Int+3 Dex-2 Slay+2 SInv} (You found it on level 7 of the Lair of Beasts)
 23895 | Lair:8   | Entered Level 8 of the Lair of Beasts
 23908 | Lair:8   | Received a gift from Okawaru
 23909 | Lair:8   | Got a faintly glowing arbalest {god gift}
 24492 | Lair:8   | Found a burning altar of Makhleb.
 24511 | Lair:8   | Received a gift from Okawaru
 24563 | Lair:8   | Received a gift from Okawaru
 24650 | Lair:8   | Found a gateway to Hell.
 24777 | Lair:8   | Reached skill level 1 in Dodging
 24855 | Lair:8   | Found a staircase to the Slime Pits.
 24857 | Lair:8   | Found a viscous altar of Jiyva.
 25408 | Lair:8   | Reached skill level 15 in Axes
 25854 | D:12     | Identified the Incunabulum of Feathers and Transformation
 25889 | D:12     | Reached XP level 15. HP: 126/126 MP: 21/21
 26423 | D:13     | Reached skill level 10 in Fighting
 26524 | D:13     | Received a gift from Okawaru
 26588 | D:13     | Found a runed door.
 27208 | D:14     | Reached skill level 16 in Axes
 27632 | D:14     | Found a gate to the Vaults.
 28129 | D:14     | Found Rotu's Weapon Emporium.
 28261 | D:15     | Entered Level 15 of the Dungeon
 28264 | D:15     | Received a gift from Okawaru
 28264 | D:15     | Reached skill level 17 in Axes
 28362 | D:15     | Gained mutation: Scrolls take you a little longer to read. [mutagenic meat]
 28363 | D:15     | Gained mutation: Scrolls take you longer to read. [mutagenic meat]
 28364 | D:15     | Lost mutation: You are clumsy. (Dex -2) [mutagenic meat]
 28365 | D:15     | Gained mutation: Your muscles are strong. (Str +2) [mutagenic meat]
 28457 | D:15     | Found a staircase to the Depths.
 28477 | D:15     | Reached skill level 18 in Axes
 28510 | D:15     | Gained mutation: Scrolls take you much longer to read. [mutagenic meat]
 28511 | D:15     | Gained mutation: You have very sharp fingernails. [mutagenic meat]
 28512 | D:15     | Gained mutation: You heal slowly when monsters are visible. [mutagenic meat]
 28513 | D:15     | Gained mutation: Your body often deteriorates upon taking damage. [mutagenic meat]
 28514 | D:15     | Gained mutation: Your mind is acute. (Int +2) [mutagenic meat]
 28515 | D:15     | Lost mutation: Your mind is acute. (Int +2) [mutagenic meat]
 28764 | D:15     | Gained mutation: You are resistant to electric shocks. [mutagenic meat]
 28766 | D:15     | Gained mutation: You have a pair of large horns on your head. [mutagenic meat]
 28768 | D:15     | Gained mutation: You can translocate small distances at will. [mutagenic meat]
 28771 | D:15     | Lost mutation: You are resistant to electric shocks. [mutagenic meat]
 28772 | D:15     | Gained mutation: You do not heal naturally when monsters are visible. [mutagenic meat]
 28774 | D:15     | Lost mutation: You have a pair of large horns on your head. [mutagenic meat]
 28775 | D:15     | Lost mutation: Your muscles are strong. (Str +2) [mutagenic meat]
 28776 | D:15     | Gained mutation: You are good at translocating small distances at will. [mutagenic meat]
 28779 | D:15     | Found a stormy altar of Qazlal.
 28875 | D:15     | Found Teafup's Jewellery Boutique.
 28883 | D:15     | Bought an uncursed amulet of faith for 440 gold pieces
 29027 | D:15     | Received a gift from Okawaru
 29145 | D:15     | Reached skill level 19 in Axes
 29151 | D:15     | Reached XP level 16. HP: 84/134 MP: 20/22
 29730 | D:15     | Received a gift from Okawaru
 29980 | D:15     | Got a jewelled broad axe {god gift}
 29981 | D:15     | Identified the +4 broad axe "Nepug" {antimagic, *Rage rElec Int+7} (Okawaru gifted it to you on level 15 of the Dungeon)
 30380 | Elf:1    | Entered Level 1 of the Elven Halls
 30506 | Elf:1    | Found Neihoxt's Food Emporium.
 30517 | Elf:1    | Noticed Azrael
 30533 | Elf:1    | Killed Azrael
 30613 | Elf:1    | Reached skill level 20 in Axes
 30941 | Elf:1    | Received a gift from Okawaru
 30944 | Elf:1    | Gained mutation: You are agile. (Dex +2) [mutagenic meat]
 31057 | Elf:1    | Noticed Roxanne
 31083 | Elf:1    | Killed from afar by Roxanne

Vault maps used:
D:1:      noname_arrival_rooms_in_the_neighbourhood, st_stairs_11
D:2:      kennysheep_generic_room_13, uniq_natasha
D:3:      uniq_grinder
D:4:      lemuel_upstairs_altar, vehumet_altar_wand_db, kennysheep_mini_moat,
          first_bread
D:5:      minmay_temple_entry_glass
D:6:      lemuel_crystal_altar, nicolae_zen_rock_garden
D:7:      lemuel_crystal_altar, nicolae_ru_great_annihilating_truth,
          serial_shops, nicolae_shop_stone, shop, uniq_joseph
D:8:      old_standard_altar, minivault_22
D:9:      grunt_temple_overflow_open, uniq_prince_ribbit1
D:10:     lair_0_dummy, serial_shops, shop
D:11:     orc_0_dummy, rats_and_rats_again
D:13:     hangedman_tell_no_tales, minivault_23, roderic_lattice_a
D:14:     david_vaults_1, serial_co_window_serial, co_window_paths_b,
          co_window_of_opportunity_a, co_window_corner_a,
          co_window_of_opportunity_a, co_window_of_opportunity_a,
          co_window_cross_1, co_window_corner_a, co_window_paths_b,
          co_window_corner_a, co_window_broadway_b, co_window_paths_c,
          co_window_2corner, co_window_unsneaky_path_a, co_window_corner_cb,
          co_window_unsneaky_path_a, glass_columns_a, serial_shops,
          shop_fountains, hangedman_aviary
D:15:     gammafunk_enter_depths_forms, serial_shops, shop, serial_column_ruins,
          column_ruins_hut_water, column_ruins_hut_pillars,
          column_ruins_open_tiny, column_ruins_grid_3, column_ruins_open_small,
          column_ruins_open_tiny_water, column_ruins_open_small,
          column_ruins_open_small, column_ruins_corridor_corner,
          minmay_misc_feat_columns, nicolae_qazlal_eye_of_the_storm
Temple:   bh_familiar_temple
Lair:1:   lemuel_fruit_fields, serial_bayou_shore_b
Lair:2:   statuecave_lemuel, bh_chokoban, minmay_holes, st_stairs_10,
          ice2_lemuel, infiniplex_staircase_pool
Lair:3:   lemuel_reptile_caves, grunt_forest_large_clearings
Lair:4:   lab_entry_generic, beast_lair_carwin_6, uniq_snorg
Lair:5:   minmay_swamp_entry_worms, nicolae_spider_entry_tight_spaces
Lair:6:   special_room
Lair:7:   st_stairs_13, serial_bayou_shore_a
Lair:8:   evil_forest, slime_altar_1, serial_forest, infiniplex_forest_diagonal,
          infiniplex_forest_zigzag_1, infiniplex_forest_lined_3,
          infiniplex_forest_lined_1, infiniplex_forest_corner_2,
          infiniplex_forest_clump_medium, infiniplex_forest_lined_2,
          zaba_anthell
Orc:1:    basic_altar, nicolae_orc_lava_tube, mines1_david
Orc:2:    uniq_urug, uniq_josephine
Orc:3:    nicolae_orc_pool_cavern
Orc:4:    st_orc_mages, bh_open_orc_temple
Elf:1:    eino_elf_arrival_sip, serial_shops, nicolae_shop_statue_plus,
          serial_co_window_serial, co_window_paths_a, co_window_paths_a,
          co_window_corner_a, co_window_paths_b, co_window_of_opportunity_a,
          co_window_of_opportunity_c, co_window_broadway_c, co_window_paths_c,
          glass_columns_a, glass_columns_b, glass_columns_b,
          grunt_ministairs_11, uniq_azrael, uniq_roxanne
Lab:      nicolae_lab_dead_adventurers, labyrinth_skeletal_remains,
          nicolae_lab_grate_2

Action                   |  1- 3 |  4- 6 |  7- 9 | 10-12 | 13-15 | 16-18 || total
-------------------------+-------+-------+-------+-------+-------+-------++-------
Melee: War axe           |    93 |   119 |   422 |  1094 |  1761 |   156 ||  3645
       Broad axe         |       |       |       |       |       |     3 ||     3
Invok: Heroism           |       |       |     1 |    11 |     2 |       ||    14
       Finesse           |       |       |       |     2 |     1 |       ||     3
 Abil: Evoke Invisibilit |       |       |       |       |    13 |     1 ||    14
       Evoke Teleportati |       |       |       |       |     1 |       ||     1
Evoke: Wand              |       |       |       |    25 |    24 |       ||    49
  Use: Potion            |     2 |     8 |     5 |     8 |     6 |       ||    29
       Scroll            |       |     2 |       |    17 |     7 |     1 ||    27
 Stab: Paralysed         |       |       |     1 |       |       |       ||     1
       Invisible         |       |       |       |       |    91 |     8 ||    99
  Eat: Chunk             |     1 |     5 |    11 |    24 |   106 |     8 ||   155
       Bread ration      |       |       |     1 |     1 |     1 |       ||     3
       Fruit             |       |       |     1 |     5 |    30 |     1 ||    37
       Royal jelly       |       |       |       |       |     1 |       ||     1
